 Dungeon Crawl Stone Soup version 0.29.0-4-gdea44cf6ec (webtiles) character file.

Game seed: 13134479617274913463

64457 Woods the Thaumaturge (level 14, -5/80 HPs)
             Began as a Deep Elf Air Elementalist on Aug 27, 2022.
             Was an Elder of Sif Muna.
             Succumbed to an ettin's poison
             ... on level 1 of the Orcish Mines.
             The game lasted 01:31:44 (44599 turns).

Woods the Thaumaturge (Deep Elf Air Elementalist)  Turns: 44599, Time: 01:31:45

Health: -5/80      AC:  6    Str: 11    XL:     14   Next: 71%
Magic:  34/34      EV: 27    Int: 26    God:    Sif Muna [****..]
Gold:   2612       SH:  0    Dex: 15    Spells: 7/41 levels left

rFire   + . .      SeeInvis .   B - staff of air
rCold   + + .      Faith    .   (no shield)
rNeg    . . .      Spirit   .   U - +0 robe "Pinidebb" {Drain rF+ rC++ Stlth+}
rPois   .          Reflect  .   d - +0 helmet
rElec   +          Harm     .   m - +0 cloak
rCorr   .          Rampage  .   (no gloves)
Will    +....                   J - +1 pair of boots
Stlth   ++++......              k - amulet of the acrobat
HPRegen 0.23/turn               l - +6 ring of strength
MPRegen 0.24/turn               (no ring)

@: lethally poisoned (-5 -> -76), acrobatic, studying Axes
A: no striking features
a: Renounce Religion, Channel Magic, Forget Spell, Divine Exegesis


You were on level 1 of the Orcish Mines.
You worshipped Sif Muna.
Sif Muna was greatly pleased with you.
You visited 4 branches of the dungeon, and saw 20 of its levels.

You collected 3052 gold pieces.
You spent 440 gold pieces at shops.

Inventory:

Missiles
 r - 2 throwing nets
 u - 5 boomerangs of dispersal
Armour
 a - a +0 robe
 d - a +0 helmet (worn)
 m - a +0 cloak (worn)
 G - the +10 gold dragon scales of Okawaru's Hope {rPois rF+ rC+ rN+ rCorr Int+4}
   (You found it on level 8 of the Dungeon)

   Int:       It affects your intelligence (+4).
   rF:        It protects you from fire.
   rC:        It protects you from cold.
   rPois:     It protects you from poison.
   rN:        It protects you from negative energy.
   rCorr:     It protects you from acid and corrosion.
 J - a +1 pair of boots (worn)
 U - the +0 robe "Pinidebb" (worn) {Drain rF+ rC++ Stlth+}
   (You found it on level 13 of the Dungeon)

   rF:        It protects you from fire.
   rC:        It greatly protects you from cold.
   Drain:     It drains your maximum health when unequipped.
   Stlth:     It makes you more stealthy.
Magical Staves
 B - a staff of air (weapon)
Jewellery
 k - an amulet of the acrobat (around neck)
 l - a +6 ring of strength (left hand)
 N - a ring of protection from fire
 W - an amulet of guardian spirit
 X - a ring of willpower
Wands
 s - a wand of mindburst (8)
 H - a wand of polymorph (1)
 L - a wand of paralysis (11)
 O - a wand of roots (6)
 V - a wand of flame (18)
 Z - a wand of digging (9)
Scrolls
 c - 7 scrolls of teleportation
 g - a scroll of fear
 h - 4 scrolls of enchant weapon
 j - 2 scrolls of amnesia
 n - 2 scrolls of summoning
 q - 6 scrolls of enchant armour
 x - 3 scrolls of blinking
 y - 2 scrolls of poison {unknown}
 I - 2 scrolls of brand weapon
 K - 3 scrolls of butterflies {unknown}
 P - a scroll of acquirement
 Q - a scroll of magic mapping {unknown}
 R - 5 scrolls of identify
 Y - a scroll of immolation {unknown}
Potions
 b - 2 potions of magic
 e - 4 potions of lignification
 f - 4 potions of mutation
 i - a potion of haste {unknown}
 p - 6 potions of heal wounds
 t - 5 potions of curing
 v - 2 potions of ambrosia {unknown}
 w - a potion of resistance {unknown}
 z - 2 potions of berserk rage {unknown}
 A - 2 potions of cancellation {unknown}
 C - 3 potions of attraction {unknown}
 D - 2 potions of invisibility {unknown}
 E - 2 potions of might
 F - 3 potions of degeneration {unknown}
 M - a potion of flight {unknown}
 T - a potion of brilliance {unknown}
Miscellaneous
 S - a lightning rod (4/4)


   Skills:
 + Level 6.4 Fighting
 - Level 0.1 Short Blades
 - Level 0.1 Ranged Weapons
 - Level 0.3 Throwing
 - Level 0.7 Armour
 - Level 2.4 Dodging
 + Level 7.0 Stealth
 - Level 3.8 Unarmed Combat
 + Level 14.4 Spellcasting
 + Level 12.3 Conjurations
 - Level 0.1 Hexes
 - Level 0.1 Summonings
 - Level 10.0 Necromancy
 - Level 0.1 Translocations
 + Level 3.0 Transmutations
 - Level 0.1 Fire Magic
 - Level 0.1 Ice Magic
 - Level 12.0 Air Magic
 + Level 10.8 Earth Magic
 - Level 0.1 Poison Magic
 + Level 7.5 Invocations
 - Level 0.1 Evocations


You had 7 spell levels left.
You knew the following spells:

 Your Spells              Type           Power      Damage    Failure   Level
a - Conjure Ball Lightni  Conj/Air       44%        3x3d15    3%          6
b - Static Discharge      Conj/Air       89%        3-15/arc  1%          2
c - Swiftness             Air            88%        N/A       1%          3
d - Airstrike             Air            44%        2d(7-23)  1%          4
e - Borgnjor's Vile Clut  Necr/Erth      32%        N/A       1%          5
f - Lehudib's Crystal Sp  Conj/Erth      34%        10d9      86%         8
g - Statue Form           Tmut/Erth      35%        N/A       26%         6

Your spell library contained the following spells:

 Spells                   Type           Power      Damage    Failure   Level
 Shock                    Conj/Air       100%       1d9       1%          1
 Sting                    Tmut/Pois      100%       1d8       1%          1
 Passwall                 Tmut/Erth      44%        N/A       1%          2
 Poisonous Vapours        Pois/Air       100%       N/A       1%          2
 Conjure Flame            Conj/Fire      50%        6-21      1%          3
 Stone Arrow              Conj/Erth      100%       3d13      1%          3
 Animate Dead             Necr           63%        N/A       1%          4
 Corpse Rot               Necr/Pois/Air  71%        N/A       1%          4
 Dispel Undead            Necr           63%        3d22      1%          4
 Petrify                  Tmut/Erth      53%        N/A       1%          4
 Flame Wave               Conj/Fire      50%        2d12      2%          4
 Fulminant Prism          Conj/Hex       25%        3d14      2%          4
 Hailstorm                Conj/Ice       50%        3d11      2%          4
 Sticky Flame             Conj/Fire      50%        2d7       2%          4
 Freezing Cloud           Conj/Ice/Air   37%        6-21      2%          5
 Scorch                   Fire           38%        2d6       4%          2
 Spider Form              Tmut/Pois      26%        N/A       4%          3
 Fireball                 Conj/Fire      25%        3d11      6%          5
 Silence                  Hex/Air        33%        N/A       7%          5
 Death Channel            Necr           31%        N/A       8%          6
 Gell's Gravitas          Tloc           19%        N/A       9%          3
 Lesser Beckoning         Tloc           19%        N/A       9%          3
 Teleport Other           Tloc           19%        N/A       9%          3
 Olgreb's Toxic Radiance  Pois           19%        N/A       28%         4
 Passage of Golubria      Tloc           19%        N/A       28%         4
 Summon Cactus Giant      Summ           9%         N/A       99%         6
 Ignition                 Fire           9%         3d5       100%        8
 Chain Lightning          Conj/Air       44%        3d59      100%        9
 Fire Storm               Conj/Fire      25%        8d6       100%        9
 Shatter                  Erth           33%        3d27*     100%        9


Dungeon Overview and Level Annotations

Branches:
Dungeon (13/15)            Temple (1/1) D:4            Lair (5/5) D:11
  Swamp (0/4) Lair:3        Snake (0/4) Lair:3        Slime (0/5) Lair:5
    Orc (1/2) D:10         Vaults (0/5) D:13

Altars:
Ashenzari
Cheibriados
Dithmenos
Elyvilon
Fedhas
Gozag
Hepliaklqana
Kikubaaqudgha
Makhleb
Nemelex Xobeh
Okawaru
Qazlal
Ru
Sif Muna
Trog
Uskayaw
Vehumet
Wu Jian
Xom
Yredelemnul
Zin
The Shining One
Jiyva

Shops:
D:6 :

Annotations:
D:7 exclusion: 2 lemures
Lair:2 1 runed translucent door, oldmanjim's ghost, journeyman TrBe
Lair:3 Nessos


Message History

The air twists around and strikes the vampire mosquito!!
You destroy the vampire mosquito!
Sif Muna accepts your kill.
You hear an angry buzzing noise.
You start resting.
A vampire mosquito is nearby!
A vampire mosquito is nearby!
Casting: Airstrike (safe; 1% risk of failure)
Confirm with . or Enter, or press ? or * to list all spells.
Aiming: Airstrike (safe; 1% risk of failure)
Press: ? - help, Dir - move target, f - vampire mosquito
Aim: a vampire mosquito (empty space bonus: 6/8)
You feel a surge of power!
The air twists around and strikes the vampire mosquito!
The vampire mosquito is heavily damaged.
Unknown command.
Casting: Airstrike (safe; 1% risk of failure)
Confirm with . or Enter, or press ? or * to list all spells.
You feel a surge of power!
The vampire mosquito is struck by an arc of lightning!
The vampire mosquito is almost destroyed.
You resist.
You are struck by an arc of lightning.
The vampire mosquito is struck by an arc of lightning!
You destroy the vampire mosquito!
Sif Muna accepts your kill. You resist.
You are struck by an arc of lightning.
You start resting.
Magic restored.
You start waiting.
Done waiting.
You climb downwards.
Welcome back to the Orcish Mines!
The ettin hits you with a +0 dire flail!
The ettin hits you with a +0 dire flail of venom!!!
Ouch! That really hurt!
You are lethally poisoned!
There is a staircase back to the Dungeon, spattered with blood here.
The ettin attacks as you move away! The ettin misses you.
The ettin hits you with a +0 dire flail of venom!!
* * * LOW HITPOINT WARNING * * *
You are more poisoned.
You die...

......).$.###.$..
...........#$.....
............#......
.....>.............
............).....[
......$....[...).#.
.................).
..#....รท...........
..........@.)....#
.....#....)<##....
....###.....C# ..#
...) #...........#
... #....#.#..#.##
.. ##.####.... # #..
....# ## #.....
##...##


You could see an ettin.

Vanquished Creatures
  An ironbound preserver (D:13)
  A fire dragon (Lair:5)
  An ettin (Orc:1)
  6 hydras
  A boulder beetle (D:13)
  An alligator (Lair:5)
  2 two-headed ogres
  A sun demon (D:9)
  A soul eater (D:8)
  Lodul (D:10)
  A swamp dragon (Lair:5)
  3 skeletal warriors (D:11)
  Pikel (D:7)
  A deep elf pyromancer (D:13)
  An ugly thing (D:12)
  6 manticores
  2 cyclopes (D:12)
  3 black mambas
  A rust devil (D:9)
  10 cane toads
  3 smoke demons (D:9)
  8 elephants
  4 orange demons (D:9)
  5 komodo dragons
  A tengu conjurer (D:13)
  9 rime drakes
  12 polar bears
  A troll (D:11)
  A raiju (Lair:5)
  Prince Ribbit (Lair:2)
  2 hornets
  12 slime creatures
  34 blink frogs
  7 dream sheep (Lair:5)
  2 shadows (D:12)
  42 yaks
  A human (shapeshifter) (D:13)
  5 wyverns
  2 wraiths
  8 basilisks
  A steam dragon (D:7)
  11 vampire mosquitoes
  A chaos spawn (D:9)
  2 acid dragons
  9 water moccasins
  10 wargs
  14 hell hounds (Lair:5)
  2 nagas (Lair:3)
  2 orc warriors
  2 swamp drakes (Lair:5)
  12 black bears
  2 sky beasts (D:8)
  2 ice beasts
  9 ogres
  8 centaurs
  26 wolves
  An ogre (shapeshifter) (D:13)
  A lemure (D:7)
  A phantom (D:4)
  3 kobold brigands
  13 bullfrogs
  2 gnoll sergeants
  2 scorpions
  2 necrophages
  3 wights (D:9)
  A killer bee (D:10)
  A vampire bat (Lair:5)
  2 electric eels
  6 howler monkeys
  4 quasits (D:9)
  3 hounds (D:5)
  A jelly (D:6)
  A gnoll bouda (Lair:5)
  8 orc priests
  11 iguanas
  Jessica (D:2)
  9 orc wizards
  4 hell rats (Lair:4)
  9 gnolls
  6 adders
  A shadow imp (D:7)
  2 white imps (D:7)
  2 ufetubi (D:7)
  2 worms
  26 orcs
  10 bats
  6 endoplasms
  3 giant cockroaches (D:1)
  4 goblins
  9 hobgoblins
  3 jackals (D:1)
  5 quokkas
  5 ball pythons
  3 frilled lizards (D:1)
  14 kobolds
  5 rats
513 creatures vanquished.

Vanquished Creatures (collateral kills)
  A ball lightning (Lair:5)
1 creature vanquished.

Vanquished Creatures (others)
  An orc wizard (D:7)
  19 ball lightnings
  8 demonic plants (D:9)
  47 fungi
  91 plants
166 creatures vanquished.

Grand Total: 680 creatures vanquished

Notes
Turn   | Place    | Note
-------+----------+-------------------------------------------
     0 | D:1      | Woods the Deep Elf Air Elementalist began the quest for the
                  | Orb.
     0 | D:1      | Reached XP level 1. HP: 10/10 MP: 6/6
   609 | D:1      | Reached XP level 2. HP: 13/15 MP: 2/8
   828 | D:1      | Found a faded altar of an unknown god.
  1470 | D:1      | Learned a level 2 spell: Static Discharge
  1560 | D:2      | You fall into a shaft and drop 1 floor!
  1687 | D:2      | Noticed Jessica
  1695 | D:2      | Killed Jessica
  1696 | D:2      | Reached XP level 3. HP: 19/19 MP: 6/10
  1859 | D:2      | Reached skill level 4 in Spellcasting
  2488 | D:3      | Reached XP level 4. HP: 16/24 MP: 4/12
  2726 | D:3      | Found a burning altar of Makhleb.
  2726 | D:3      | Noticed a balrug
  3172 | D:3      | Learned a level 3 spell: Swiftness
  3371 | D:4      | Noticed a phantom
  3617 | D:4      | Reached XP level 5. HP: 22/28 MP: 8/14
  4133 | D:4      | Reached skill level 5 in Spellcasting
  4213 | D:4      | Found a staircase to the Ecumenical Temple.
  4221 | Temple   | Entered the Ecumenical Temple
  4406 | Temple   | Became a worshipper of Sif Muna the Loreminder
  4742 | D:4      | Killed a phantom
  4743 | D:4      | Reached XP level 6. HP: 11/32 MP: 9/16
  5038 | D:4      | Found a bloodstained altar of Trog.
  5087 | D:5      | Entered Level 5 of the Dungeon
  5095 | D:4      | Learned a level 4 spell: Airstrike
  5098 | D:5      | Reached skill level 6 in Spellcasting
  5098 | D:5      | Reached skill level 5 in Air Magic
  5558 | D:5      | Reached XP level 7. HP: 22/36 MP: 9/18
  5699 | D:5      | Reached skill level 5 in Conjurations
  6139 | D:5      | Reached skill level 1 in Unarmed Combat
  6217 | D:5      | Found a broken altar of Ashenzari.
  6384 | D:5      | Reached XP level 8. HP: 28/41 MP: 6/19
  6649 | D:5      | Found a glowing silver altar of Zin.
  6688 | D:5      | Found an ornate altar of the Wu Jian Council.
  7367 | D:6      | Learned a level 5 spell: Borgnjor's Vile Clutch
  7393 | D:6      | Found a basalt altar of Yredelemnul.
  7506 | D:6      | Found Ricoas's Book Emporium.
  7599 | D:6      | Found a stormy altar of Qazlal.
  7693 | D:6      | Found a white marble altar of Elyvilon.
  7935 | D:7      | Reached skill level 1 in Necromancy
  7942 | D:7      | Reached skill level 1 in Earth Magic
  8042 | D:7      | Reached skill level 1 in Fighting
  8327 | D:7      | Identified the +1 chain mail "Latyinid" {rF+ Dex+5}
  8367 | D:7      | Reached * piety under Sif Muna
  8608 | D:7      | Noticed Pikel
  9425 | D:7      | Reached skill level 7 in Spellcasting
  9425 | D:7      | Reached XP level 9. HP: 48/48 MP: 8/21
  9575 | D:7      | Found a shimmering altar of Xom.
  9712 | D:7      | Killed Pikel
 10005 | D:8      | Reached skill level 5 in Stealth
 10148 | D:8      | Found a blossoming altar of Fedhas.
 10346 | D:8      | Found an ancient bone altar of Kikubaaqudgha.
 10348 | D:8      | Found a sparkling altar of Nemelex Xobeh.
 10871 | D:8      | Identified the +10 gold dragon scales of Okawaru's Hope
                  | {rPois rF+ rC+ rN+ rCorr Int+4}
 11275 | D:8      | Found a snail-covered altar of Cheibriados.
 11710 | D:9      | Noticed a smoke demon
 11711 | D:9      | Noticed a rust devil
 11762 | D:8      | Reached skill level 8 in Spellcasting
 12003 | D:8      | Reached skill level 5 in Necromancy
 12254 | D:8      | Reached skill level 5 in Earth Magic
 12254 | D:8      | Reached XP level 10. HP: 21/56 MP: 17/24
 13067 | D:9      | Noticed a smoke demon
 13067 | D:9      | Noticed a sixfirhy
 13069 | D:9      | Noticed an orange demon
 13680 | D:9      | Killed a rust devil
 13782 | D:9      | Noticed a sun demon
 13964 | D:9      | Killed a sun demon
 13965 | D:9      | Reached skill level 9 in Spellcasting
 14139 | D:9      | Noticed a soul eater
 14194 | D:8      | Killed a soul eater
 14195 | D:8      | Reached skill level 10 in Spellcasting
 14500 | D:9      | Reached skill level 5 in Fighting
 15335 | D:9      | Noticed an orange demon
 15339 | D:9      | Killed an orange demon
 15340 | D:9      | Reached skill level 1 in Invocations
 15580 | D:9      | Killed an orange demon
 15977 | D:9      | Noticed a two-headed ogre
 15980 | D:9      | Killed a two-headed ogre
 16372 | D:9      | Noticed an orange demon
 16378 | D:9      | Killed an orange demon
 16379 | D:9      | Reached XP level 11. HP: 64/64 MP: 14/27
 17142 | D:9      | Found a sacrificial altar of Ru.
 17813 | D:9      | Reached skill level 5 in Invocations
 18282 | D:10     | Entered Level 10 of the Dungeon
 18319 | D:10     | Found a staircase to the Orcish Mines.
 18347 | D:10     | Reached ** piety under Sif Muna
 19630 | D:10     | Found a hazy altar of Hepliaklqana.
 19911 | D:10     | Noticed Lodul
 20121 | D:10     | Reached skill level 10 in Air Magic
 20444 | D:10     | Killed Lodul
 21108 | D:11     | Found a staircase to the Lair.
 21222 | D:11     | Reached skill level 11 in Spellcasting
 21353 | D:6      | Bought a book of the Moon for 440 gold pieces
 21364 | D:6      | Learned a level 8 spell: Lehudib's Crystal Spear
 22016 | D:11     | Noticed a skeletal warrior
 22016 | D:11     | Noticed a skeletal warrior
 22035 | D:11     | Noticed a skeletal warrior
 22041 | D:11     | Killed a skeletal warrior
 22857 | D:11     | Killed a skeletal warrior
 22858 | D:11     | Reached XP level 12. HP: 65/70 MP: 7/29
 25057 | D:12     | Reached *** piety under Sif Muna
 25058 | D:12     | Reached skill level 12 in Spellcasting
 26264 | D:13     | Noticed a two-headed ogre
 26267 | D:13     | Killed a two-headed ogre
 26434 | D:13     | Noticed a boulder beetle
 26441 | D:13     | Killed a boulder beetle
 26754 | D:13     | Noticed a boulder beetle
 28494 | D:13     | Identified the +0 robe "Pinidebb" {Drain rF+ rC++ Stlth+}
 28996 | D:13     | Found a gate to the Vaults.
 28996 | D:13     | Noticed an ironbound preserver
 29030 | D:13     | Killed an ironbound preserver
 29482 | Lair:1   | Entered Level 1 of the Lair of Beasts
 29988 | Lair:1   | Reached XP level 13. HP: 74/74 MP: 22/31
 30581 | Lair:1   | Reached skill level 10 in Conjurations
 30927 | Lair:1   | Reached skill level 13 in Spellcasting
 31451 | Lair:2   | Noticed Prince Ribbit
 31477 | Lair:2   | Killed Prince Ribbit
 32054 | Lair:2   | Found a runed translucent door.
 32054 | Lair:2   | Found a shimmering altar of Xom.
 32054 | Lair:2   | Noticed oldmanjim's ghost (journeyman TrBe)
 33801 | Lair:3   | Noticed Nessos
 33843 | Lair:3   | Found a staircase to the Snake Pit.
 34203 | Lair:3   | Found a staircase to the Swamp.
 34637 | Lair:3   | Reached **** piety under Sif Muna
 36393 | Lair:4   | Reached skill level 14 in Spellcasting
 36821 | Lair:4   | Reached XP level 14. HP: 80/80 MP: 21/34
 37861 | Lair:5   | Entered Level 5 of the Lair of Beasts
 37861 | Lair:5   | Found a viscous altar of Jiyva.
 37861 | Lair:5   | Found a staircase to the Slime Pits.
 38853 | Lair:5   | Reached skill level 10 in Earth Magic
 38861 | Lair:5   | Reached ***** piety under Sif Muna
 38881 | Lair:5   | Received a gift from Sif Muna
 38980 | Lair:5   | Got Buanapt's Secrets of the Impact {god gift}
 38988 | Lair:5   | Learned a level 6 spell: Conjure Ball Lightning
 39154 | Lair:5   | Reached skill level 10 in Necromancy
 40204 | Lair:5   | Identified 4 scrolls of acquirement
 40205 | Lair:5   | Acquired a book of Annihilations
 40207 | Lair:5   | Acquired 1188 gold pieces
 40209 | Lair:5   | Acquired the Encyclopedia of Ashen Glamour
 40218 | Lair:5   | Learned a level 6 spell: Statue Form
 40500 | Lair:5   | Reached skill level 1 in Transmutations
 42696 | Lair:5   | Received a gift from Sif Muna
 42766 | Lair:5   | Got Sif Muna's Tome of the Rank Pyre {god gift}
 43932 | Orc:1    | Entered Level 1 of the Orcish Mines
 44599 | Orc:1    | Succumbed to an ettin's poison

Illustrated notes

Levels and vault maps discovered:
D:1:      minmay_arrival_open_corners, layout_loops_corners,
          dreamdust_ecumenical_altar_hidden_monk_grotto
D:2:      layout_loops_cross, uniq_jessica
D:3:      layout_basic, makhleb_altar_promises_db
D:4:      layout_loops_ring, lightli_temple_of_fire,
          minmay_temple_entry_purple_smoke, hangedman_abyss_or_decor_passed,
          hex_medium, sigmund_army
D:5:      layout_gridville, old_standard_altar, zin_treasury,
          nzn_wu_jian_council_hall
D:6:      layout_basic, kennysheep_ying_yang, grunt_qazlal_sundering,
          serial_shops, kennysheep_little_box, kennysheep_generic_room_15
D:7:      layout_basic, general_overflow_altar, nicolae_titane, uniq_pikel
D:8:      layout_basic, marbit_many_paths, mainiacjoe_overflow_24_doors,
          grunt_temple_overflow_open, chequers_serial_rivers_small_b
D:9:      layout_layer_cave, nicolae_ru_awakened_eye, serial_demonic,
          serial_demonic_a, serial_demonic_b, serial_demonic_a,
          serial_demonic_f, serial_demonic_a, serial_demonic_g,
          serial_demonic_f, serial_demonic_d, supply_closet_lemuel
D:10:     layout_gridville, nzn_hepliaklqana_mist_gate, orc_0_dummy,
          eino_tiny_chamber, minmay_circle_x, uniq_lodul
D:11:     layout_cave_pools, erik_lair_orcish_takeover
D:12:     layout_irregular_city, gauntlet_entry_generic
D:13:     layout_gridville, skrybe_vaults_entry_preservation, grunt_ogre_cave
Temple:   nicolae_temple_bog_church
Lair:1:   layout_loops_ring, lemuel_fruit_tree
Lair:2:   layout_regular_city, ebering_ghost_xom, infiniplex_staircase_pool_2,
          lemuel_fruit_fields, serial_bayou_shore_a, lemuel_fruit_fields,
          uniq_prince_ribbit2
Lair:3:   layout_roguey, minmay_swamp_entry_swarm, guppyfry_snake_entry_garden,
          uniq_nessos
Lair:4:   layout_regular_city
Lair:5:   hangedman_lair_caniforms_friends, layout_misc_corridors,
          guppyfry_lair_end_dragon, slime_entry_1, roderic_batcave,
          dreamdust_gnoll_shepherd
Orc:1:    layout_caves, basic_altar, gammafunk_ghost_stat_death,
          lightli_church_of_beogh

Skill      XL: |  1  2  3  4  5  6  7  8  9 10 11 12 13 14 |
---------------+-------------------------------------------+-----
Air Magic      | 4 5 6 7 10 11 12 | 12.0
Spellcasting   | 4 5 6 7 8 10 11 12 14 | 14.4
Conjurations   | 2 3 4 6 9 11 12 | 12.3
Unarmed Combat | 2 3 |  3.8
Necromancy     | 3 5 6 7 8 9 10 | 10.0
Earth Magic    | 2 5 6 8 9 10 | 10.8
Stealth        | 4 6 7 |  7.0
Fighting       | 2 3 5 6 |  6.4
Invocations    | 3 5 7 |  7.5
Transmutations | 3 |  3.0
Short Blades   | |  0.1
Ranged Weapons | |  0.1
Throwing       | |  0.3
Armour         | |  0.7
Dodging        | |  2.4
Hexes          | |  0.1
Summonings     | |  0.1
Translocations | |  0.1
Fire Magic     | |  0.1
Ice Magic      | |  0.1
Poison Magic   | |  0.1
Evocations     | |  0.1

Action                   |  1- 3 |  4- 6 |  7- 9 | 10-12 | 13-15 || total
-------------------------+-------+-------+-------+-------+-------++-------
Melee: Unarmed           |       |     1 |     2 |     1 |    10 ||    14
       Staff             |       |       |       |       |     5 ||     5
 Cast: Shock             |    73 |    40 |    52 |     5 |       ||   170
       Static Discharge  |       |    20 |    53 |    62 |    33 ||   168
       Airstrike         |       |     7 |    52 |   318 |   192 ||   569
       Swiftness         |       |       |     2 |     4 |       ||     6
       Borgnjor's Vile C |       |       |       |    12 |   208 ||   220
       Conjure Ball Ligh |       |       |       |       |    11 ||    11
Invok: Forget Spell      |       |       |       |     1 |       ||     1
  Use: Scroll            |       |       |     8 |     6 |    11 ||    25
       Potion            |       |       |       |     1 |       ||     1
Armor: Robe              |     1 |     3 |     8 |    10 |    27 ||    49
Dodge: Dodged            |     7 |     5 |    40 |    82 |   107 ||   241
